 Dungeon Crawl Stone Soup version 0.27-a0-1116-g91b3acb402 (webtiles) character file.

Game seed: 15357746790667596906

592 Sobieck the Ruffian (level 7, -3/57 (72) HPs)
             Began as a Troll Delver on May 1, 2021.
             Slain by a wight
             ... wielding a +0 battleaxe
              (7 damage)
             ... on level 6 of the Dungeon.
             The game lasted 00:03:25 (523 turns).

Sobieck the Ruffian (Troll Delver)                   Turns: 523, Time: 00:03:26

HP:   -3/57 (72)    AC:  4    Str: 23    XL:     7   Next: 16%
MP:   6/6           EV:  9    Int:  6    God:
Gold: 22            SH:  0    Dex: 11    Spells: 6/6 levels left

rFire    . . .     SeeInvis .     - Unarmed
rCold    . . .     Faith    .   (no shield)
rNeg     . . .     Spirit   .   a - +0 robe
rPois    .         Reflect  .   (helmet restricted)
rElec    .         Harm     .   (no cloak)
rCorr    .         Rampage  .   (gloves unavailable)
Will     .....                  (boots unavailable)
Stlth    ++........             (no amulet)
HPRegen  1.19/turn              (no ring)
MPRegen  0.10/turn              (no ring)

@: lethally poisoned (-3 -> -4), heavily drained
A: large, unfitting armour, claws 3, regeneration 1, shaggy fur 1, tough skin 1
a: no special abilities


You were on level 6 of the Dungeon.
You visited 1 branch of the dungeon, and saw 2 of its levels.

You collected 22 gold pieces.


Innate Abilities, Weirdness & Mutations

You are too large for most types of armour.
You have claws for hands.
Your natural rate of healing is unusually fast.
You are covered in fur. (AC +1)
You have tough skin. (AC +1)


   Skills:
 + Level 5.1 Fighting
 - Level 1.5 Dodging
 - Level 2.7 Stealth
 + Level 5.7 Unarmed Combat


You had 6 spell levels left.
You didn't know any spells.
Your spell library was empty.

Inventory:

Hand Weapons
 g - a +0 mace {mace}
   (You found it on level 6 of the Dungeon)
Armour
 a - a +0 robe (worn)
Wands
 f - a wand of digging (3)
Scrolls
 b - a scroll of fog
 c - 2 scrolls of magic mapping {!r}
 d - a scroll of fear
 j - 2 scrolls of identify {unknown}
Potions
 e - a potion of haste {@q3}
 h - a potion of degeneration {unknown}
 i - 2 potions of might {unknown}

Dungeon Overview and Level Annotations

Branches:
Dungeon (6/15)
 Temple: D:4-7

Altars:

Shops:
D:6

*
#.....).......#
#.............#
#.............#
#.............#
#.............#
#......z......#
#######'#######
#.###.# #..z@.#
#####.# .# .#
.# .# .# .#


You could see a wight.


Message History

😕 HP[+1]
Items here: ))) [[[. 😕 HP[+1]
There is an open door here. 😕 HP[+2]
You regained 2 hp, and now have 57/60 hp. 😕 HP[+1] 😕 HP[+1] 😎 HP[+1]
Your hp is fully restored (60).
The adder hisses angrily.
You scratch the wight. The adder bites you but does no damage.
The wight hits you with a +4 morningstar.
You feel drained. The wight hits you with a +0 battleaxe!
You feel drained. The adder bites you. 😮 HP[-20]
You now have 57 max hp (-3).
You take 20 damage, and now have 40/57 hp.
MASSIVE DAMAGE!! (PAUSE)
The wight hits you with a +4 morningstar!
* * * LOW HITPOINT WARNING * * *
You feel drained.
* * * LOW HITPOINT WARNING * * *
😨 HP[-20]
You now have 54 max hp (-3).
You take 20 damage, and now have 20/54 hp.
MASSIVE DAMAGE!! (PAUSE) 😨 HP[+1]
The adder bites you but does no damage. 😨 HP[+1] 😨 HP[+1] 😨 HP[+2]
You regained 2 hp, and now have 25/54 hp.
The adder bites you.
* * * LOW HITPOINT WARNING * * *
😨 HP[-2]
You take 2 damage, and now have 23/54 hp. 😨 HP[+1] 😨 HP[+1]
The adder barely misses you.
There is an open door here. 😨 HP[+1] 😨 HP[+1] There's a creature in the doorway! 😮 HP[+2]
You regained 2 hp, and now have 29/54 hp. 😮 HP[+1]
The adder barely misses you. 😮 HP[+1]
You barely miss the adder. The adder bites you.
You scratch the adder. The adder closely misses you. 😮 HP[+1]
You scratch the adder. The adder bites you.
You miss the adder. The adder barely misses you. 😮 HP[+1]
You miss the adder. The adder barely misses you.
The adder closely misses you. 😮 HP[+1]
You closely miss the adder. The adder bites you. 😮 HP[-2]
You take 2 damage, and now have 32/54 hp.
You scratch the adder.
The adder bites you but does no damage. 😮 HP[+1]
You closely miss the adder. The adder bites you.
You are poisoned.
The adder poisons you! 😮 HP[-2]
You take 2 damage, and now have 31/54 hp.
You completely miss the adder.
You feel sick. The adder bites you. 😮 HP[-1]
You take 1 damage, and now have 30/54 hp.
You closely miss the adder. The adder bites you.
You are more poisoned.
The adder poisons you! 😮 HP[-2]
You take 2 damage, and now have 28/54 hp.
You claw the adder!
You kill the adder!
You feel very sick. 😨 HP[-2]
You take 2 damage, and now have 26/54 hp.
You barely miss the wight.
You feel sick.
The wight hits you with a +4 morningstar!
* * * LOW HITPOINT WARNING * * *
😨 HP[-11]
You take 11 damage, and now have 15/54 hp.
MASSIVE DAMAGE!! (PAUSE)
You mangle the wight!!
You destroy the wight!
You feel sick. 😱 HP[-1]
You now have 57 max hp (+3).
You barely miss the wight.
You feel sick. The wight hits you with a +0 battleaxe!
* * * LOW HITPOINT WARNING * * *
😱 HP[-10]
You take 10 damage, and now have 4/57 hp.
You claw the wight!
You feel sick. The wight hits you with a +0 battleaxe!
You die...

Skill      XL: |  1  2  3  4  5  6 |
---------------+-------------------+-----
Fighting       | 3 4 5 |  5.1
Unarmed Combat | 3 4 5 |  5.7
Dodging        | |  1.5
Stealth        | |  2.7

Action                   |  1- 3 |  4- 6 |  7- 9 || total
-------------------------+-------+-------+-------++-------
Melee: Unarmed           |    22 |    76 |    20 ||   118
       Punch             |       |     2 |       ||     2
Armor: Robe              |     6 |    14 |     3 ||    23
Dodge: Dodged            |    12 |    29 |     9 ||    50

Levels and vault maps discovered:
D:5:      layout_cave_pools, serial_gnoll_camp, gnoll_camp_huts_moat,
          gnoll_camp_mini_basic, gnoll_camp_mini_house,
          gnoll_camp_mini_sergeant, gnoll_camp_mini_doghouse,
          gnoll_camp_mini_doghouse, nrook_campfire, minmay_fractal_squares_5
D:6:      layout_loops_ring, lemuel_temple_firewalk_b, serial_shops,
          nicolae_shop_statue_plus, kennysheep_generic_room_16

Notes
Turn   | Place    | Note
-------+----------+-------------------------------------------
     0 | D:5      | Sobieck the Troll Delver began the quest for the Orb.
     0 | D:5      | Reached XP level 1. HP: 22/22 MP: 0/0
     0 | D:5      | magus.rc [v1.9.6]
    12 | D:6      | Reached XP level 2. HP: 12/29 MP: 1/1
    34 | D:6      | Found Onkaf's Assorted Antiques.
    49 | D:6      | Reached skill level 3 in Fighting
    49 | D:6      | Reached skill level 3 in Unarmed Combat
    49 | D:6      | Reached XP level 3. HP: 37/37 MP: 2/2
    99 | D:6      | Reached XP level 4. HP: 31/45 MP: 3/3
   131 | D:6      | Reached skill level 4 in Unarmed Combat
   131 | D:6      | Reached XP level 5. HP: 24/54 MP: 4/4
   248 | D:6      | Noticed a centaur
   260 | D:6      | Noticed an ice beast
   272 | D:6      | Noticed an ice beast
   275 | D:6      | Reached skill level 4 in Fighting
   288 | D:6      | Killed an ice beast
   289 | D:6      | Reached XP level 6. HP: 25/63 MP: 5/5
   368 | D:6      | Killed an ice beast
   369 | D:6      | Reached skill level 5 in Unarmed Combat
   417 | D:6      | Reached skill level 5 in Fighting
   417 | D:6      | Reached XP level 7. HP: 19/68 MP: 6/6
   449 | D:6      | HP: 13/62 [wight/+0 battleaxe (15)]
   522 | D:6      | HP: 14/57 [poisoned by an adder]
   522 | D:6      | HP: 4/57 [wight/+0 battleaxe (10)]
   523 | D:6      | Slain by a wight

Vanquished Creatures
  2 ice beasts (D:6)
  A bullfrog (D:6)
  A wyvern zombie (D:6)
  4 wights (D:6)
  A howler monkey (D:6)
  A hound (D:6)
  A centaur skeleton (D:6)
  3 adders (D:6)
14 creatures vanquished.

Vanquished Creatures (others)
  A hound (D:6)
1 creature vanquished.

Grand Total: 15 creatures vanquished

Table legend:
 A = Non-vault XP
 B = Vault XP
 C = Vault XP percentage of total XP
 D = Non-vault monster count
 E = Vault monster count
 F = Vault count percentage of total count
                 A         B        C        D         E       F
            +---------+---------+-------+---------+---------+-------
      Total |     651 |     196 |  23.1 |      11 |       3 |  21.4
            +---------+---------+-------+---------+---------+-------
        D:6 |     651 |     196 |  23.1 |      11 |       3 |  21.4
            +---------+---------+-------+---------+---------+-------

Illustrated notes

Table legend:
 A = Kills in this place as a percentage of kills in entire the game.
 B = Kills by you in this place as a percentage of kills by you in the entire game.
 C = Kills by friends in this place as a percentage of kills by friends in the entire game.
 D = Other kills in this place as a percentage of other kills in the entire game.
 E = Experience gained in this place as a percentage of experience gained in the entire game.
 F = Experience gained in this place divided by the number of levels of this place that you have seen.
                   A       B       C       D       E      F
               +-------+-------+-------+-------+-------+----------------------
         Total | 100.0 | 100.0 |   N/A |   N/A | 100.0 | 423.5
       Dungeon | 100.0 | 100.0 |   N/A |   N/A | 100.0 | 423.5
               +-------+-------+-------+-------+-------+----------------------

Table legend: (Time is in decaauts)
 A = Elapsed time spent in this place.
 B = Non-inter-level travel time spent in this place.
 C = Inter-level travel time spent in this place.
 D = Time resting spent in this place.
 E = Time spent auto-exploring this place.
 F = Levels seen in this place.
 G = Mean time per level.
                   A        B        C        D        E       F      G
               +--------+--------+--------+--------+--------+-----+--------+
         Total |    514 |    506 |      8 |     47 |     82 |   2 |  257.0 |
       Dungeon |    514 |    506 |      8 |     47 |     82 |   2 |  257.0 |
               +--------+--------+--------+--------+--------+-----+--------+

Top non-repeatable levels by time:
     D:6: 499 daAuts
     D:5: 14 daAuts
